[Event "Late-Titled-Tuesday-Blitz-May-28-2024"]
[Site "Chess.com"]
[Date "2024.05.28"]
[Round "6"]
[White "rhwr"]
[Black "gxbg2000"]
[Result "1-0"]
[WhiteElo "2336"]
[BlackElo "1998"]
[TimeControl "180+1"]
[EndTime "15:02:15 PDT"]
[Termination "rhwr won by resignation"]

1. e4 e5 2. Nf3 Nc6 3. Bb5 Nf6 4. d3 d6 5. O-O Be7 6. h3 O-O 7. c3 h6 8. a4 Nh7 9. Bc4 Be6 10. Bb3 Qd7 11.
Nbd2 Nd8 12. Nc4 a6 13. Ne3 g6 14. d4 Bxb3 15. Qxb3 b5 16. dxe5 bxa4 17. Rxa4 Nc6 18.
exd6 cxd6 19. Nd5 Ne5 20. Nxe5 dxe5 21. Bxh6 Rfb8 22. Qa2 Rxb2 23. Qxb2 1-0

[Event "Late-Titled-Tuesday-Blitz-May-28-2024"]
[Site "Chess.com"]
[Date "2024.05.28"]
[Round "6"]
[White "SoCalJuniorChess"]
[Black "nitpicker"]
[Result "0-1"]
[WhiteElo "2218"]
[BlackElo "2305"]
[TimeControl "180+1"]
[EndTime "15:02:34 PDT"]
[Termination "nitpicker won by resignation"]

1. d4 Nf6 2. Nc3 d5 3. Bf4 a6 4. e3 e6 5. a3 Bd6 6. Nf3 b5 7. b4 Nbd7 8. Ne5 Nb6 9. Bd3 Nc4 10. Bxc4 bxc4 11. e4 dxe4 12. Qe2 Bb7 13. Qxc4 O-O 14.
O-O Nd5 15. Nxd5 exd5 16. Qe2 f6 17. Qh5 fxe5 18. dxe5 Be7 19. e6 Rxf4 0-1

[Event "Late-Titled-Tuesday-Blitz-May-28-2024"]
[Site "Chess.com"]
[Date "2024.05.28"]
[Round "6"]
[White "Lennis93"]
[Black "ChadBiryani"]
[Result "1-0"]
[WhiteElo "2767"]
[BlackElo "2542"]
[TimeControl "180+1"]
[EndTime "15:03:00 PDT"]
[Termination "Lennis93 won by checkmate"]

1. d4 d5 2. Nf3 Nf6 3. e3 Bf5 4. c4 c6 5. Nc3 e6 6. Nh4 Bg4 7. Qb3 Qb6 8. c5 Qc7 9. h3 Bh5 10. g4 Bg6 11. Nxg6 hxg6 12. Bg2 Nbd7 13. Bd2 b6 14. cxb6 axb6 15. Rc1 Qb7 16. g5 Nh5 17. h4 Be7 18. Bf3 f6 19. e4 Kf7 20. exd5 cxd5 21.
Nxd5 Qa7 22. Nc7 Rad8 23. Nxe6 Ke8 24. Bxh5 gxh5 25. Nxg7+ Kf8 26. Ne6+ Ke8 27. g6 Qa8 28. Ng7+ Kf8 29. Qf7# 1-0

[Event "Late-Titled-Tuesday-Blitz-May-28-2024"]
[Site "Chess.com"]
[Date "2024.05.28"]
[Round "6"]
[White "tgpgoat"]
[Black "IngOscarArdila"]
[Result "1-0"]
[WhiteElo "2506"]
[BlackElo "2279"]
[TimeControl "180+1"]
[EndTime "15:03:27 PDT"]
[Termination "tgpgoat won on time"]

1. Nf3 Nf6 2. g3 g6 3. Bg2 Bg7 4. O-O O-O 5. c4 d6 6. Nc3 Nbd7 7. d3 e5 8. Rb1 c6 9. Bg5 h6 10. Be3 Re8 11. h3 Nf8 12. Kh2 Ne6 13. Nd2 Bd7 14. b4 Qc7 15. b5 1-0

[Event "Late-Titled-Tuesday-Blitz-May-28-2024"]
[Site "Chess.com"]
[Date "2024.05.28"]
[Round "6"]
[White "djano"]
[Black "Boninknights"]
[Result "1-0"]
[WhiteElo "2612"]
[BlackElo "2416"]
[TimeControl "180+1"]
[EndTime "15:03:48 PDT"]
[Termination "djano won by resignation"]

1. e4 c5 2. Nc3 Nc6 3. f4 a6 4. Nf3 e6 5. d4 cxd4 6. Nxd4 Nxd4 7. Qxd4 b5 8. Be3 Bb7 9. O-O-O Rc8 10. Kb1 Qc7 11.
Bd3 h5 12. Rhf1 Nf6 13. e5 Ng4 14. Ne4 Nxh2 15. Nd6+ Bxd6 16. exd6 Qc6 17. Qxg7 Rf8 18. Be4 Qxe4 19. Qf6 Qxc2+ 20. Ka1 1-0

[Event "Late-Titled-Tuesday-Blitz-May-28-2024"]
[Site "Chess.com"]
[Date "2024.05.28"]
[Round "6"]
[White "Jospem"]
[Black "Zorbos"]
[Result "1-0"]
[WhiteElo "3028"]
[BlackElo "2742"]
[TimeControl "180+1"]
[EndTime "15:03:55 PDT"]
[Termination "Jospem won by resignation"]

1. e4 e5 2. Nf3 Nc6 3. Nc3 Nf6 4. g3 Bc5 5. Bg2 d6 6. d3 h6 7. h3 Nd4 8. Be3 Bb6 9. O-O Nxf3+ 10. Qxf3 Be6 11.
Bxb6 axb6 12. Qe3 g5 13. d4 Qe7 14. Rad1 O-O-O 15. a4 Kb8 16. d5 Bd7 17. Ra1 Nh5 18. a5 b5 19. Kh2 Ng7 20. Qd3 c5 21. Nxb5 Bxb5 22. Qxb5 Qd7 23. Qb3 1-0

[Event "Late-Titled-Tuesday-Blitz-May-28-2024"]
[Site "Chess.com"]
[Date "2024.05.28"]
[Round "6"]
[White "jup1978"]
[Black "MKlose11"]
[Result "0-1"]
[WhiteElo "2440"]
[BlackElo "2611"]
[TimeControl "180+1"]
[EndTime "15:04:04 PDT"]
[Termination "MKlose11 won by resignation"]

1. d4 Nf6 2. Nf3 c5 3. c3 b6 4. Bf4 g6 5. e3 Bg7 6. Be2 O-O 7. h3 d6 8. O-O Ba6 9. Nbd2 Bxe2 10. Qxe2 Nc6 11. e4 cxd4 12. cxd4 d5 13. e5 Ne8 14. Qe3 Nc7 15. Bh6 Ne6 16. Bxg7 Kxg7 17. Nb3 Rc8 18. Rac1 Qd7 19. Ng5 Nxg5 20. Qxg5 Nd8 21. Rxc8 Ne6 22. Rxf8 Nxg5 23. Ra8 a5 24. Rc1 a4 25. Nd2 Qb5 26. b3 Qd3 27. Nf1 axb3 28. axb3 Qxd4 29. Ra7 Ne4 30. Ne3 Nxf2 0-1

[Event "Late-Titled-Tuesday-Blitz-May-28-2024"]
[Site "Chess.com"]
[Date "2024.05.28"]
[Round "6"]
[White "el008"]
[Black "Kostukov_Alex"]
[Result "0-1"]
[WhiteElo "2547"]
[BlackElo "2391"]
[TimeControl "180+1"]
[EndTime "15:04:04 PDT"]
[Termination "Kostukov_Alex won by resignation"]

1. Nf3 c5 2. c4 g6 3. g3 Bg7 4. Bg2 Nf6 5. O-O O-O 6. d4 cxd4 7. Nxd4 Nc6 8. Nc3 Nxd4 9. Qxd4 d6 10. Qd2 Be6 11. b3 d5 12. cxd5 Nxd5 13. Nxd5 Bxa1 14. Ba3 Bxd5 15. Bxd5 Bf6 16. Rd1 Rb8 17. h4 Qb6 18. h5 Rbd8 19. hxg6 hxg6 20. Qh6 Bg7 21. Qh1 e6 22. Bxf8 Bxf8 23. Rd3 Rxd5 24. Rxd5 exd5 25. Qxd5 Qc6 26. Qd3 Bc5 27. e3 Qd6 28. Qc3 b6 29. a4 a5 30. Qc4 Kg7 31. Kg2 Qf6 32. Qd3 Qe5 33. Qc4 f5 34. Qd3 Qe4+ 35. Qxe4 fxe4 36.
Kf1 Kf6 37. Ke2 Kf5 38. Kd2 Kg4 39. Ke2 Bb4 0-1

[Event "Late-Titled-Tuesday-Blitz-May-28-2024"]
[Site "Chess.com"]
[Date "2024.05.28"]
[Round "6"]
[White "dealshark"]
[Black "GMTalks_Youtube"]
[Result "0-1"]
[WhiteElo "2433"]
[BlackElo "2759"]
[TimeControl "180+1"]
[EndTime "15:04:06 PDT"]
[Termination "GMTalks_Youtube won by resignation"]

1. e4 e5 2. Nf3 Nc6 3. Bc4 Nf6 4.
d3 Be7 5. O-O O-O 6. Re1 d6 7.
c3 Na5 8. Bb5 c5 9. Ba4 a6 10.
Nbd2 b5 11. Bc2 Nd7 12. Nf1 Nb6 13. d4 cxd4 14. cxd4 Nc6 15. h3 Nxd4 16. Nxd4 exd4 17. Qxd4 Bf6 18. Qd3 g6 19. Rb1 Bb7 20. Ne3 Rc8 21.
Bd2 Nc4 22. Nxc4 bxc4 23. Qg3 Be5 24. Bf4 Qa5 25. a3 Rfe8 26. Qe3 c3 27. bxc3 Rxc3 28. Qd2 Bxf4 29. Qxf4 Rxc2 30. Rxb7 Qxe1+ 0-1

[Event "Late-Titled-Tuesday-Blitz-May-28-2024"]
[Site "Chess.com"]
[Date "2024.05.28"]
[Round "6"]
[White "momotaro77"]
[Black "NovakRatko"]
[Result "1-0"]
[WhiteElo "2521"]
[BlackElo "2357"]
[TimeControl "180+1"]
[EndTime "15:04:15 PDT"]
[Termination "momotaro77 won by checkmate"]

1. e4 d5 2. exd5 c6 3. d4 cxd5 4. Bd3 Nc6 5. c3 g6 6. Bf4 Bg7 7. Nf3 f6 8. O-O Bg4 9. Bb5 g5 10. Be3 a6 11. Ba4 e6 12. Nbd2 Ne7 13. Re1 O-O 14.
Qb1 Qd6 15. Bc2 Kh8 16. b4 b5 17. a4 Rac8 18. Bd3 Bf5 19. axb5 axb5 20. Ra6 Qb8 21.
Bxf5 Nxf5 22. Nb3 h6 23. Nc5 Nxe3 24. Rxe3 e5 25. Nd7 Qb7 26. Nxf8 Qxa6 27. Qh7# 1-0

[Event "Late-Titled-Tuesday-Blitz-May-28-2024"]
[Site "Chess.com"]
[Date "2024.05.28"]
[Round "6"]
[White "Shankland"]
[Black "KNVB"]
[Result "1-0"]
[WhiteElo "2998"]
[BlackElo "2769"]
[TimeControl "180+1"]
[EndTime "15:04:17 PDT"]
[Termination "Shankland won on time"]

1. c4 e5 2. g3 c6 3. Nf3 d6 4.
Nc3 Nf6 5. Bg2 Be7 6. O-O O-O 7. Qc2 Re8 8. d4 Nbd7 9. Rd1 Qc7 10. e4 a6 11. h3 b5 12. c5 exd4 13. cxd6 Bxd6 14. Nxd4 Bf8 15. Bf4 Ne5 16. Nd5 Nxd5 17. exd5 Rb8 18.
Nxc6 Bd6 19. Rac1 Ra8 20. Nxe5 Qxc2 21. Rxc2 Bxe5 22. Bxe5 Rxe5 23. d6 1-0

[Event "Late-Titled-Tuesday-Blitz-May-28-2024"]
[Site "Chess.com"]
[Date "2024.05.28"]
[Round "6"]
[White "robertoalejandro10"]
[Black "BenchGM"]
[Result "1-0"]
[WhiteElo "2487"]
[BlackElo "2227"]
[TimeControl "180+1"]
[EndTime "15:04:24 PDT"]
[Termination "robertoalejandro10 won by resignation"]

1. c4 Nf6 2. Nf3 b6 3. b3 Bb7 4. Bb2 g6 5. g3 Bg7 6. Bg2 O-O 7. O-O d6 8. Nc3 Nbd7 9. d4 Re8 10. Qc2 e5 11.
dxe5 dxe5 12. Rfd1 Qe7 13. Rac1 Rad8 14. Nd5 Qd6 15.
Nxe5 Nxe5 16. Nxf6+ Qxf6 17. Bxb7 Rxd1+ 18. Rxd1 Nf3+ 19. Bxf3 Qxb2 20. Qxb2 Bxb2 21. Rd7 Be5 22. Bd5 Rf8 23. f4 Bd6 24. e4 Kg7 25. e5 Bc5+ 26. Kg2 c6 27.
Bxc6 Re8 28. Rxa7 Re7 29. Rxe7 Bxe7 30. Kf3 Kf8 31. Ke4 Bc5 32. h3 Ke7 33. g4 f6 34. exf6+ Kxf6 35. Bd7 h5 36. gxh5 gxh5 37. f5 h4 38. Kd5 Bf2 39. Kc6 Bd4 40. b4 Kg5 41. c5 1-0

[Event "Late-Titled-Tuesday-Blitz-May-28-2024"]
[Site "Chess.com"]
[Date "2024.05.28"]
[Round "6"]
[White "protectiago"]
[Black "MaxLeto"]
[Result "0-1"]
[WhiteElo "2124"]
[BlackElo "2392"]
[TimeControl "180+1"]
[EndTime "15:04:31 PDT"]
[Termination "MaxLeto won by resignation"]

1. d4 d5 2. c4 e6 3. g3 Nf6 4. Nf3 Be7 5. Bg2 O-O 6. Nbd2 b6 7. O-O Bb7 8. Qa4 dxc4 9. Re1 Nbd7 10. Qxc4 c5 11.
dxc5 Nxc5 12. b4 Nce4 13. Nxe4 Bxe4 14. Bb2 Rc8 15. Qb3 Bc2 16. Qe3 Bxb4 17. Nd4 Bxe1 18.
Rxe1 Ba4 19. Qa3 Qd7 20. Rd1 Bxd1 0-1

[Event "Late-Titled-Tuesday-Blitz-May-28-2024"]
[Site "Chess.com"]
[Date "2024.05.28"]
[Round "6"]
[White "FairChess_on_YouTube"]
[Black "nihalsarin"]
[Result "0-1"]
[WhiteElo "3086"]
[BlackElo "3262"]
[TimeControl "180+1"]
[EndTime "15:04:36 PDT"]
[Termination "nihalsarin won by checkmate"]

1. d4 Nf6 2. c4 e6 3. Nc3 Bb4 4. Nf3 d6 5. Bg5 Nbd7 6. Qb3 c5 7. dxc5 Qa5 8. cxd6 Ne4 9. Bd2 Nxd2 10. Nxd2 Bxd6 11.
e3 O-O 12. Qc2 a6 13. Bd3 h6 14. O-O Qc7 15. h3 Ne5 16. Be2 Bd7 17. Rac1 Bc6 18. Nd5 Qd8 19. Nf4 Rc8 20. Rfd1 Be7 21. Nf3 Qa5 22.
Nxe5 Qxe5 23. b3 g5 24. Nd3 Qf5 25. Ne1 Qa5 26. Bf3 b5 27. Bxc6 Rxc6 28. Nf3 bxc4 29.
bxc4 Rfc8 30. Rd7 Bf6 31. Nd2 Kg7 32. Ne4 Be5 33. c5 R8c7 34. Rcd1 Rxd7 35. Rxd7 Qe1# 0-1

[Event "Late-Titled-Tuesday-Blitz-May-28-2024"]
[Site "Chess.com"]
[Date "2024.05.28"]
[Round "6"]
[White "H3nriqueTV"]
[Black "SHIVACalypso"]
[Result "0-1"]
[WhiteElo "2371"]
[BlackElo "2549"]
[TimeControl "180+1"]
[EndTime "15:04:40 PDT"]
[Termination "SHIVACalypso won by resignation"]

1. e4 c5 2. Nf3 d6 3. d4 cxd4 4. Nxd4 Nf6 5. Nc3 g6 6. Bc4 Bg7 7. Bb3 O-O 8. Be3 Nc6 9. f3 a6 10. Qd2 Nxd4 11. Bxd4 b5 12. h4 e5 13. Be3 Be6 14.
h5 b4 15. Nd5 Bxd5 16. Bxd5 Nxd5 17. Qxd5 Qc7 18. O-O-O Rfc8 19. Rd2 a5 20. hxg6 hxg6 21.
Qxd6 Qc4 22. Kb1 a4 23. Qd5 Qc7 24. Bh6 b3 25. Bxg7 Kxg7 26. g4 bxc2+ 27. Kc1 a3 28. Rdh2 axb2+ 29. Kxb2 c1=Q+ 30. Rxc1 Qxc1+ 31. Kb3 0-1

[Event "Late-Titled-Tuesday-Blitz-May-28-2024"]
[Site "Chess.com"]
[Date "2024.05.28"]
[Round "6"]
[White "RandomNoob04"]
[Black "jaskol95"]
[Result "1-0"]
[WhiteElo "2774"]
[BlackElo "2550"]
[TimeControl "180+1"]
[EndTime "15:04:43 PDT"]
[Termination "RandomNoob04 won by checkmate"]

1. e4 e6 2. d4 d5 3. e5 c5 4.
c3 Nc6 5. Nf3 Bd7 6. Bd3 cxd4 7.
cxd4 Qb6 8. O-O Nxd4 9. Nxd4 Qxd4 10. Nc3 Qb6 11. Qe2 Ne7 12. Nb5 Nc6 13. Be3 Qd8 14. f4 a6 15. Nd6+ Bxd6 16. exd6 g6 17. f5 gxf5 18. Rxf5 Qh4 19. Rf4 Qd8 20. Qh5 Rf8 21.
Raf1 Ne5 22. Qxe5 Qa5 23. Rxf7 Rg8 24. Qg5 Rxg5 25. Rf8# 1-0

[Event "Late-Titled-Tuesday-Blitz-May-28-2024"]
[Site "Chess.com"]
[Date "2024.05.28"]
[Round "6"]
[White "norwaytoadog"]
[Black "TokChess"]
[Result "1-0"]
[WhiteElo "2322"]
[BlackElo "2492"]
[TimeControl "180+1"]
[EndTime "15:04:47 PDT"]
[Termination "norwaytoadog won by resignation"]

1. e4 d6 2. d4 Nf6 3. Nc3 Nbd7 4. Nf3 e5 5. Rg1 g6 6. g4 Bg7 7. g5 Nh5 8. Bc4 c6 9. Be3 b5 10. Bb3 a5 11. a3 O-O 12. d5 cxd5 13. Bxd5 Ra6 14.
Nxb5 Nb6 15. Nc3 Nxd5 16. Nxd5 Nf4 17. Nxf4 exf4 18. Bd4 Re8 19. Qd3 Bb7 20. Nd2 Bxe4 21. Nxe4 d5 22. O-O-O Rxe4 23. Bxg7 Kxg7 24. Qxa6 1-0

[Event "Late-Titled-Tuesday-Blitz-May-28-2024"]
[Site "Chess.com"]
[Date "2024.05.28"]
[Round "6"]
[White "giomar27"]
[Black "Mikhail_Golubev"]
[Result "1/2-1/2"]
[WhiteElo "2467"]
[BlackElo "2635"]
[TimeControl "180+1"]
[EndTime "15:04:51 PDT"]
[Termination "Game drawn by repetition"]

1. e4 c5 2. Nf3 d6 3. d4 Nf6 4. Nc3 cxd4 5. Nxd4 g6 6. Be3 Bg7 7. f3 Nc6 8. Qd2 O-O 9. Bc4 Nxd4 10. Bxd4 Be6 11.
Bxe6 fxe6 12. O-O-O Qa5 13. Kb1 Rac8 14. Rhe1 Nd7 15. Bxg7 Kxg7 16. Ne2 Qxd2 17. Rxd2 Kf7 18. Nd4 e5 19. Ne2 Ke6 20. Red1 h5 21. h4 b5 22. Ng1 b4 23. b3 a5 24. Rd5 Nc5 25. Nh3 Rfd8 26. Ng5+ Kf6 27. Nh7+ Kg7 28. Ng5 Kf6 29.
Nh7+ Kg7 30. Ng5 Kf6 1/2-1/2

[Event "Late-Titled-Tuesday-Blitz-May-28-2024"]
[Site "Chess.com"]
[Date "2024.05.28"]
[Round "6"]
[White "WildBizon"]
[Black "atalz0"]
[Result "1-0"]
[WhiteElo "2725"]
[BlackElo "2494"]
[TimeControl "180+1"]
[EndTime "15:04:52 PDT"]
[Termination "WildBizon won by resignation"]

1. e4 d5 2. exd5 Nf6 3. Nf3 Nxd5 4. c4 Nb6 5. Nc3 Bg4 6. c5 N6d7 7. d4 e5 8. Bc4 exd4 9. Qxd4 Bxf3 10. gxf3 Nc6 11.
Qf4 Qe7+ 12. Be3 g5 13. Qxc7 Nxc5 14. Nd5 Qe5 15. O-O-O Bd6 16. Nf6+ Qxf6 17. Rxd6 Qe5 18. Rxc6 1-0

[Event "Late-Titled-Tuesday-Blitz-May-28-2024"]
[Site "Chess.com"]
[Date "2024.05.28"]
[Round "6"]
[White "Thjop"]
[Black "ccccvhhhj"]
[Result "1-0"]
[WhiteElo "2632"]
[BlackElo "2448"]
[TimeControl "180+1"]
[EndTime "15:04:52 PDT"]
[Termination "Thjop won by checkmate"]

1. d4 e5 2. dxe5 d6 3. exd6 Bxd6 4. Nf3 Bg4 5. Nbd2 Nc6 6. g3 Qe7 7. Bg2 O-O-O 8. O-O h5 9. c3 h4 10. Qb3 hxg3 11.
hxg3 Bh3 12. Nc4 Bxg2 13. Kxg2 Qxe2 14. Nxd6+ Rxd6 15. Bf4 Rd3 16. Ng5 Nd4 17. Qxf7 Nc2 18. Qxc7# 1-0

[Event "Late-Titled-Tuesday-Blitz-May-28-2024"]
[Site "Chess.com"]
[Date "2024.05.28"]
[Round "6"]
[White "KirAk47"]
[Black "bancsoo"]
[Result "1-0"]
[WhiteElo "2581"]
[BlackElo "2890"]
[TimeControl "180+1"]
[EndTime "15:04:58 PDT"]
[Termination "KirAk47 won by resignation"]

1. e4 d6 2. Nc3 Nf6 3. g3 g6 4. d3 Bg7 5. Bg2 O-O 6. Nge2 c5 7. Be3 Nc6 8. h3 Nd7 9. Qd2 Re8 10. Bh6 Bh8 11.
O-O Rb8 12. f4 b5 13. g4 b4 14. Nd1 a5 15. Kh2 a4 16. Rc1 b3 17. axb3 axb3 18.
c3 Ba6 19. Ne3 e6 20. Bg5 Qc7 21. Rf2 f6 22. Bh4 Bg7 23. f5 Nde5 24. fxe6 Nxd3 25. Nd5 Qb7 26. Rxf6 Bxf6 27. Nxf6+ Kg7 28. Nxe8+ Rxe8 29. Ra1 Rxe6 30. Nf4 Re8 31. Nxd3 1-0

[Event "Late-Titled-Tuesday-Blitz-May-28-2024"]
[Site "Chess.com"]
[Date "2024.05.28"]
[Round "6"]
[White "RantomOpening"]
[Black "Viktor_Poddubnyi"]
[Result "1-0"]
[WhiteElo "2575"]
[BlackElo "2333"]
[TimeControl "180+1"]
[EndTime "15:05:00 PDT"]
[Termination "RantomOpening won on time"]

1. e4 g6 2. Nc3 Bg7 3. h4 c6 4. h5 d5 5. d3 d4 6. Nce2 e5 7. h6 Bf6 8. Nf3 Ne7 9. Ng3 Bg4 10.
Be2 Bxf3 11. Bxf3 Nd7 12. Bg4 Qb6 13. Bxd7+ Kxd7 14. Qf3 c5 15. b4 cxb4 16. O-O Rhc8 17. a3 b3 18. cxb3 Qe6 19. Bd2 Rc6 20. Qd1 Rac8 21. Ra2 Ke8 22. f4 exf4 23. Bxf4 Be5 24. Qf3 Bxf4 25. Qxf4 Rc3 26. e5 Rxd3 27. Ne4 Nd5 28.
Nd6+ 1-0

[Event "Late-Titled-Tuesday-Blitz-May-28-2024"]
[Site "Chess.com"]
[Date "2024.05.28"]
[Round "6"]
[White "giovannibrandao7"]
[Black "BogdanDeac"]
[Result "0-1"]
[WhiteElo "2294"]
[BlackElo "3064"]
[TimeControl "180+1"]
[EndTime "15:05:00 PDT"]
[Termination "BogdanDeac won by resignation"]

1. e4 c5 2. Nf3 e6 3. d4 cxd4 4.
Nxd4 a6 5. Bd3 g6 6. O-O Bg7 7. c3 Ne7 8. Na3 d6 9. Nac2 O-O 10. a4 b6 11. Bg5 Bb7 12. Re1 Nd7 13. Bf1 h6 14. Bh4 Re8 15. f3 Qc7 16. Bf2 d5 17. exd5 Nxd5 18. Ne3 N5f6 19. Qc2 e5 20. Ne2 Nc5 21.
b4 Ne6 22. Rad1 a5 23. Qb3 Rac8 24. bxa5 bxa5 25. Nc2 e4 26. fxe4 Nxe4 27. Bd4 Nxd4 28. Ncxd4 Nc5 29. Qb5 Ba6 30. Qb1 Nxa4 31. Ng3 Nxc3 32.
Rxe8+ Rxe8 33. Qc2 Nxd1 0-1

[Event "Late-Titled-Tuesday-Blitz-May-28-2024"]
[Site "Chess.com"]
[Date "2024.05.28"]
[Round "6"]
[White "RebecaJimnz"]
[Black "lrjchess"]
[Result "0-1"]
[WhiteElo "2303"]
[BlackElo "2486"]
[TimeControl "180+1"]
[EndTime "15:05:01 PDT"]
[Termination "lrjchess won by resignation"]

1. e4 c5 2. Nc3 g6 3. g3 Bg7 4. Bg2 Nc6 5. d3 Nf6 6. Be3 d6 7. h3 O-O 8. Qd2 Qc7 9. Bh6 Rb8 10. Bxg7 Kxg7 11. f4 b5 12. Nf3 b4 13. Ne2 Ba6 14. O-O c4 15. g4 Rfc8 16. f5 Ne5 17. Nxe5 dxe5 18. g5 Nh5 19. d4 c3 20. bxc3 bxc3 21. Qe3 Bxe2 22. Qxe2 Ng3 23. Qf2 Nxf1 24. f6+ Kg8 25.
Rxf1 exd4 26. Qh4 exf6 27. gxf6 d3 28. Qh6 Qc5+ 29. Kh1 Qf8 30. Qe3 dxc2 31. e5 Rb1 32. e6 Qc5 33. exf7+ Kxf7 34. Bd5+ Qxd5+ 35. Kh2 Qd6+ 36. Kg2 Rxf1 0-1

[Event "Late-Titled-Tuesday-Blitz-May-28-2024"]
[Site "Chess.com"]
[Date "2024.05.28"]
[Round "6"]
[White "2L8IWUN"]
[Black "OIAM03"]
[Result "1-0"]
[WhiteElo "2175"]
[BlackElo "2023"]
[TimeControl "180+1"]
[EndTime "15:05:02 PDT"]
[Termination "2L8IWUN won by resignation"]

1. d4 Nf6 2. Nf3 g6 3. g3 Bg7 4.
Bg2 O-O 5. O-O d6 6. b3 c5 7. c4 Nc6 8. Bb2 Ne4 9. Nbd2 Bf5 10. e3 cxd4 11. Nxd4 Nxd2 12. Qxd2 Nxd4 13. Bxd4 Bxd4 14. Qxd4 Rb8 15. Qxa7 b5 16. cxb5 Bd3 17. Rfc1 Bxb5 18. Rc7 e6 19. a4 Bd3 20. Rc3 Be2 21. Bc6 d5 22. a5 Qf6 23. Qd4 Qf3 24. a6 1-0

[Event "Late-Titled-Tuesday-Blitz-May-28-2024"]
[Site "Chess.com"]
[Date "2024.05.28"]
[Round "6"]
[White "Rodalquilar"]
[Black "Oleksandr_Bortnyk"]
[Result "0-1"]
[WhiteElo "2807"]
[BlackElo "3025"]
[TimeControl "180+1"]
[EndTime "15:05:10 PDT"]
[Termination "Oleksandr_Bortnyk won by resignation"]

1. d4 Nf6 2. Nf3 d6 3. Bf4 b6 4.
e3 Bb7 5. Be2 Nbd7 6. O-O e6 7.
h3 Be7 8. a4 a5 9. Nbd2 h6 10.
Re1 g5 11. Bg3 g4 12. hxg4 Nxg4 13. Nh2 h5 14. Bf3 d5 15. Nxg4 hxg4 16. Bxg4 Nf6 17.
Bf3 Bd6 18. Nf1 Ba6 19. Bxd6 Qxd6 20. Ng3 O-O-O 21. c3 Rh4 22. e4 dxe4 23. Bxe4 Rdh8 24. f4 Qxf4 25. Qf3 Qg5 26. Rf1 Qxg3 27. Qxg3 Rh1+ 28. Kf2 Nxe4+ 29. Kf3 Nxg3 30. Rxh1 Rxh1 31. Kxg3 Rxa1 0-1

[Event "Late-Titled-Tuesday-Blitz-May-28-2024"]
[Site "Chess.com"]
[Date "2024.05.28"]
[Round "6"]
[White "jlf287"]
[Black "Tibmat"]
[Result "0-1"]
[WhiteElo "2519"]
[BlackElo "2688"]
[TimeControl "180+1"]
[EndTime "15:05:12 PDT"]
[Termination "Tibmat won by resignation"]

1. d4 d6 2. Nf3 Nf6 3. g3 g6 4. Bg2 Bg7 5. O-O O-O 6. c4 Nc6 7. Nc3 e5 8. dxe5 dxe5 9. Bg5 h6 10. Qxd8 Rxd8 11. Bxf6 Bxf6 12. Nd5 Kg7 13. Nxc7 Rb8 14. Nd5 e4 15. Nd2 Bxb2 16. Rab1 Ba3 17. Nxe4 Bg4 18.
Rb3 Bf8 19. f3 Be6 20. Rfb1 b6 21. e3 Na5 22. Rc3 Nxc4 23. Rxc4 Bxd5 24. Rc7 Rb7 25. Rbc1 Bc5 26. Nxc5 Rxc7 27. Ne6+ Bxe6 28. Rxc7 Rd1+ 29. Kf2 Rd2+ 30. Kg1 Rxa2 31. f4 a5 32. Bc6 Rc2 0-1

[Event "Late-Titled-Tuesday-Blitz-May-28-2024"]
[Site "Chess.com"]
[Date "2024.05.28"]
[Round "6"]
[White "zsizsi99"]
[Black "Iball95"]
[Result "0-1"]
[WhiteElo "2568"]
[BlackElo "2854"]
[TimeControl "180+1"]
[EndTime "15:05:14 PDT"]
[Termination "Iball95 won by checkmate"]

1. e4 c5 2. Nf3 e6 3. d4 cxd4 4. Nxd4 Nf6 5. Nc3 Nc6 6. Ndb5 Bc5 7. Bf4 O-O 8. Bc7 Qe7 9. Bd6 Bxd6 10. Qxd6 Qd8 11. Qc7 Qe7 12. Nd6 Ne8 13. Nxe8 Rxe8 14. O-O-O a6 15. Qd6 b5 16. Qxe7 Rxe7 17. f3 Bb7 18. Rd6 Rc8 19. Be2 Kf8 20. Rhd1 Rc7 21. a3 f6 22. g4 Ke8 23. h4 Rf7 24. f4 Ke7 25. b3 Rf8 26. Kb2 Rfc8 27. R1d3 Nd8 28.
R6d4 Nc6 29. Rd6 Nd8 30. R6d4 e5 31. fxe5 fxe5 32. Rd6 Bxe4 33. Nxe4 Rxc2+ 34. Kb1 Rc1+ 35. Kb2 R8c2# 0-1

[Event "Late-Titled-Tuesday-Blitz-May-28-2024"]
[Site "Chess.com"]
[Date "2024.05.28"]
[Round "6"]
[White "MyDream003"]
[Black "Bilan_Danila"]
[Result "1-0"]
[WhiteElo "2812"]
[BlackElo "2559"]
[TimeControl "180+1"]
[EndTime "15:05:14 PDT"]
[Termination "MyDream003 won by resignation"]

1. d4 d5 2. c4 c6 3. Nf3 Nf6 4.
e3 e6 5. Nc3 Nbd7 6. Bd3 dxc4 7. Bxc4 b5 8. Bd3 b4 9. Ne4 Nxe4 10. Bxe4 Bb7 11. O-O Bd6 12. Bd2 Qb6 13. a3 c5 14.
Bxb7 Qxb7 15. dxc5 Bxc5 16. axb4 Bxb4 17. Qb3 Rb8 18.
Bxb4 Qxb4 19. Qd3 Nc5 20. Qc2 O-O 21. Rxa7 Qb6 22. Rfa1 h6 23. h3 Rbc8 24. Qe2 Ne4 25. Nd4 Rb8 26. b3 Rfc8 27. Qg4 Nf6 28. Qf4 Qc5 29.
Qf3 Qd5 30. Qxd5 Nxd5 31. Rd7 Nb6 32. Re7 Nd5 33. Rea7 Rd8 34. Nc6 Rdc8 35. Nxb8 Rxb8 36. Ra8 1-0

[Event "Late-Titled-Tuesday-Blitz-May-28-2024"]
[Site "Chess.com"]
[Date "2024.05.28"]
[Round "6"]
[White "maurovargas01"]
[Black "DonPreuss"]
[Result "1-0"]
[WhiteElo "1931"]
[BlackElo "2263"]
[TimeControl "180+1"]
[EndTime "15:05:17 PDT"]
[Termination "maurovargas01 won by resignation"]

1. e4 Nc6 2. Nc3 e5 3. Bc4 d6 4. d4 exd4 5. Nb5 Be6 6. Bxe6 fxe6 7. Nxd4 e5 8. Ne6 Qe7 9. Nxf8 Qxf8 10. Qh5+ g6 11.
Qh3 Qe7 12. Nf3 Nf6 13. Bg5 O-O 14. Bh6 Rfe8 15. Bg5 Qe6 16. Qh4 Nd4 17. Bxf6 Nxc2+ 18. Kd2 Nxa1 19. Rxa1 Rf8 20. Bg5 Qc4 21. b3 Qb4+ 22.
Kc2 Qc5+ 23. Kb2 a5 24. Rc1 Qb6 25. Be3 Qb5 26. Rxc7 Rf7 27. Rxf7 Kxf7 28. Qxh7+ Ke8 29. Qg8+ Kd7 30. Qxa8 Qe2+ 31. Nd2 Qb5 32. Qg8 a4 33. Qxg6 Qb4 34. Qf7+ Kd8 35. Bg5+ Kc8 36. Qc4+ 1-0

[Event "Late-Titled-Tuesday-Blitz-May-28-2024"]
[Site "Chess.com"]
[Date "2024.05.28"]
[Round "6"]
[White "DanielNaroditsky"]
[Black "kirillshevchenko"]
[Result "1-0"]
[WhiteElo "3083"]
[BlackElo "2903"]
[TimeControl "180+1"]
[EndTime "15:05:20 PDT"]
[Termination "DanielNaroditsky won by resignation"]

1. e4 b6 2. d4 Bb7 3. Bd3 d6 4. Nf3 Nd7 5. Nc3 e6 6. Ne2 Ne7 7. h4 h6 8. h5 Nf6 9. Ng3 d5 10. e5 Ne4 11. Qe2 Nxg3 12. fxg3 Qd7 13. g4 c5 14. c3 Nc6 15. O-O Be7 16. Be3 c4 17. Bc2 O-O-O 18. b3 Ba6 19. Nd2 f6 20. exf6 Bxf6 21. bxc4 Kb8 22. Bd3 e5 23. cxd5 Bxd3 24. Qxd3 Qxd5 25. c4 Qd7 26. d5 Qxg4 27. Ne4 Nb4 28. Qb1 Qe2 29. Bxb6 axb6 30. Qxb4 Qe3+ 31. Kh1 Rd7 32. Rfe1 Qf4 33. Qxb6+ Rb7 34. Qd6+ Ka7 35.
Qa3+ Kb8 36. Rab1 1-0

[Event "Late-Titled-Tuesday-Blitz-May-28-2024"]
[Site "Chess.com"]
[Date "2024.05.28"]
[Round "6"]
[White "Agustin_Meza"]
[Black "Beaterawn"]
[Result "0-1"]
[WhiteElo "2177"]
[BlackElo "2370"]
[TimeControl "180+1"]
[EndTime "15:05:25 PDT"]
[Termination "Beaterawn won by resignation"]

1. Nf3 f5 2. d3 d5 3. g3 Nf6 4. Bg2 e6 5. O-O Bd6 6. Nbd2 O-O 7. e4 fxe4 8. dxe4 dxe4 9. Ng5 e3 10. Nde4 h6 11.
Nxf6+ Rxf6 12. Ne4 exf2+ 13. Rxf2 Rxf2 14. Nxf2 Qe7 15. Be3 Nc6 16. Qh5 Bd7 17. Re1 Rf8 18. Ng4 Rf5 19. Qh3 e5 20. Bd5+ Kh8 21. Be4 Rg5 22.
Bxg5 Qxg5 23. Bf3 Nd4 24. Bd1 Bc5 25. Nxh6 Ne2+ 0-1